 Dungeon Crawl Stone Soup version 0.28-a0-1520-gc3277d3 (webtiles) character file.

Game seed: 10207229637350649781

35265 Illumine the Destroyer (level 13, -2/78 HPs)
             Began as a Tengu Conjurer on Jan 17, 2022.
             Was a High Priest of Ashenzari.
             Slain by a swamp dragon (shapeshifter) (7 damage)
             ... while petrified by a basilisk
             ... on level 6 of the Lair of Beasts.
             The game lasted 00:45:11 (21090 turns).

Illumine the Destroyer (Tengu Conjurer)            Turns: 21090, Time: 00:45:12

Health: -2/78      AC:  8    Str:  9    XL:     13   Next: 82%
Magic:  8/28       EV:  2    Int: 22    God:    Ashenzari [*****.]
Gold:   900        SH:  0    Dex: 13    Spells: 6/32 levels left

rFire   + + +      SeeInvis +   g - +6 trident "Mistrust of Ashenzari" {holy, rF+ rC+ Will-, Evo, Alch} (curse)
rCold   + . .      Faith    .   (no shield)
rNeg    + + +      Spirit   .   a - +0 robe "Lashed Incredulity" {Elem, Melee} (curse)
rPois   ∞          Reflect  +   M - +2 hat "At What Cost Knowledge?" {-Tele rElec rF+ Stlth+, Evo, Elem} (curse)
rElec   +          Harm     .   w - +1 cloak of the Shattered Jealousy {rF+, Cun, Bglg} (curse)
rCorr   +          Rampage  .   G - +0 pair of gloves "All-seeing Paranoia" {Comp, Evo} (curse)
Will    .....      Clarity  +   (boots unavailable)
Stlth   ++++...... NoTele   +   c - amulet of Ashenzari's Sybil {Reflect SH+5, Cun, Alch} (curse)
HPRegen 0.23/turn               N - ring "Ruined Boredom" {Wiz rElec rC- rCorr Slay+6, Elem, Bglg} (curse)
MPRegen 0.21/turn               e - ring "Annoyance of Ashenzari" {rC+, Bglg, Fort} (curse)

@: lethally poisoned (-2 -> -2), petrified, flying quickly and evasively, quick
A: beak, talons 3, nimble flight
a: Renounce Religion, Shatter the Chains


You were on level 6 of the Lair of Beasts.
You worshipped Ashenzari.
Ashenzari was extremely pleased with you.
You visited 3 branches of the dungeon, and saw 15 of its levels.
You also visited: Volcano.

You collected 900 gold pieces.

Inventory:

Hand Weapons
 g - the cursed +6 trident "Mistrust of Ashenzari" (weapon) {holy, rF+ rC+ Will-, Evo, Alch}
   (You found it on level 2 of the Dungeon)

   It has been blessed by the Shining One to cause great damage to the undead
   and demons.
   rF:        It protects you from fire.
   rC:        It protects you from cold.
   Will:      It decreases your willpower.
   It has a curse which improves the following skills: Evocations: Evocations.
   Alchemy:   Poison Magic and Transmutations.
Missiles
 H - 3 throwing nets
 K - 4 curare-tipped darts
Armour
 a - the cursed +0 robe "Lashed Incredulity" (worn) {Elem, Melee}

   It has a curse which improves the following skills: Elements: Fire Magic, Ice
   Magic, Air Magic and Earth Magic.
   Melee Combat: Short Blades, Long Blades, Axes, Maces & Flails, Polearms,
   Staves and Unarmed Combat.
 w - the cursed +1 cloak of the Shattered Jealousy (worn) {rF+, Cun, Bglg}
   (You found it in a volcano)

   It has a curse which improves the following skills: Cunning: Dodging and
   Stealth.
   Beguiling: Conjurations, Hexes and Translocations.
 z - +0 acid dragon scales
 D - the +1 ring mail "Caolob" {Drain rC- Str+4 SInv}
   (You found it on level 7 of the Dungeon)

   Str:       It affects your strength (+4).
   rC:        It makes you vulnerable to cold.
   SInv:      It lets you see invisible.
   Drain:     It drains your maximum health when unequipped.
 G - the cursed +0 pair of gloves "All-seeing Paranoia" (worn) {Comp, Evo}
   (You found it on level 1 of the Lair of Beasts)

   It has a curse which improves the following skills: Companions: Summonings
   and Necromancy.
   Evocations: Evocations.
 M - the cursed +2 hat "At What Cost Knowledge?" (worn) {-Tele rElec rF+ Stlth+, Evo, Elem}
   (You found it on level 4 of the Lair of Beasts)

   rF:        It protects you from fire.
   rElec:     It insulates you from electricity.
   -Tele:     It prevents most forms of teleportation.
   Stlth:     It makes you more stealthy.
   It has a curse which improves the following skills: Evocations: Evocations.
   Elements:  Fire Magic, Ice Magic, Air Magic and Earth Magic.
Magical Staves
 b - a staff of conjuration
Jewellery
 c - the cursed amulet of Ashenzari's Sybil (around neck) {Reflect SH+5, Cun, Alch}
   (You found it on level 1 of the Dungeon)

   [amulet of reflection]

   It reflects blocked missile attacks.
   SH:        It affects your SH (+5).
   It has a curse which improves the following skills: Cunning: Dodging and
   Stealth.
   Alchemy:   Poison Magic and Transmutations.
 e - the cursed ring "Annoyance of Ashenzari" (right hand) {rC+, Bglg, Fort}
   (You found it on level 1 of the Dungeon)

   [ring of protection from cold]

   rC:        It protects you from cold.
   It has a curse which improves the following skills: Beguiling: Conjurations,
   Hexes and Translocations.
   Fortitude: Armour and Shields.
 y - a ring of poison resistance
 N - the cursed ring "Ruined Boredom" (left hand) {Wiz rElec rC- rCorr Slay+6, Elem, Bglg}
   (You found it on level 5 of the Lair of Beasts)

   [ring of wizardry]

   It improves your spell success rate.
   Slay:      It affects your accuracy & damage with ranged weapons and melee
   (+6).
   rC:        It makes you vulnerable to cold.
   rElec:     It insulates you from electricity.
   rCorr:     It protects you from acid and corrosion.
   It has a curse which improves the following skills: Elements: Fire Magic, Ice
   Magic, Air Magic and Earth Magic.
   Beguiling: Conjurations, Hexes and Translocations.
 P - a +4 ring of slaying
Wands
 f - a wand of flame (18)
 B - a wand of paralysis (1)
 I - a wand of charming (7)
 O - a wand of digging (7)
Scrolls
 i - 5 scrolls of teleportation
 j - a scroll of fog
 l - 3 scrolls of fear
 m - a scroll of blinking
 n - a scroll of summoning
 p - a scroll of holy word
 q - a scroll of immolation
 r - 3 scrolls of enchant weapon
 s - 2 scrolls of vulnerability
 v - 3 scrolls of amnesia
 F - 3 scrolls of enchant armour
 J - a scroll of brand weapon
 L - a scroll of magic mapping
Potions
 d - a potion of ambrosia
 h - 3 potions of flight
 k - 3 potions of brilliance
 o - 4 potions of might
 t - 2 potions of haste
 u - a potion of resistance
 x - 2 potions of magic
 A - 3 potions of heal wounds
 C - 4 potions of invisibility
 E - 2 potions of curing


   Skills:
 - Level 8.1 Fighting
 - Level 5.0(7.3) Polearms
 - Level 3.5(5.6) Armour
 - Level 8.5(12.0) Dodging
 - Level 2.0(4.5) Stealth
 + Level 10.2 Spellcasting
 - Level 12.9(17.4) Conjurations
 - Level 4.4(8.5) Hexes
 - Level 3.6(7.5) Translocations
 * Level 11.5(16.0) Fire Magic
 - Level 1.2(3.8) Ice Magic
 - Level 2.0(5.1) Earth Magic
 - Level 4.2(7.4) Poison Magic


You had 6 spell levels left.
You knew the following spells:

 Your Spells              Type           Power      Damage    Failure   Level
a - Magic Dart            Conj           100%       1d8       0%          1
b - Searing Ray           Conj           100%       2d8       0%          2
c - Fulminant Prism       Conj/Hex       31%        3d16      1%          4
d - Iskenderun's Mystic   Conj/Tloc      60%        2d13      1%          4
e - Stone Arrow           Conj/Erth      100%       3d13      1%          3
f - Olgreb's Toxic Radia  Pois           43%        N/A       1%          4
g - Ignition              Fire           34%        3d11      21%         8

Your spell library contained the following spells:

 Spells                   Type           Power      Damage    Failure   Level
 Sandblast                Erth           68%        2d15      1%          1
 Shock                    Conj/Air       100%       1d9       1%          1
 Passwall                 Tmut/Erth      19%        N/A       1%          2
 Static Discharge         Conj/Air       50%        N/A       1%          2
 Dazzling Flash           Conj/Hex       100%       N/A       1%          3
 Ignite Poison            Fire/Tmut/Pois 46%        N/A       1%          3
 Mephitic Cloud           Conj/Pois/Air  48%        N/A       1%          3
 Portal Projectile        Hex/Tloc       92%        N/A       1%          3
 Leda's Liquefaction      Hex/Erth       20%        N/A       1%          4
 Sticky Flame             Conj/Fire      71%        2d8       1%          4
 Lightning Bolt           Conj/Air       25%        1d41      1%          5
 Pain                     Necr           48%        1d6       2%          1
 Call Imp                 Summ           12%        N/A       3%          2
 Freezing Cloud           Conj/Ice/Air   21%        6-21      3%          5
 Call Canine Familiar     Summ           12%        N/A       6%          3
 Animate Armour           Summ/Erth      46%        N/A       8%          4
 Petrify                  Tmut/Erth      23%        N/A       8%          4
 Agony                    Necr           12%        N/A       47%         5
 Excruciating Wounds      Necr           6%         N/A       47%         5
 Lehudib's Crystal Spear  Conj/Erth      28%        10d8      80%         8
 Ozocubu's Refrigeration  Ice            14%        4d7       98%         7
 Maxwell's Capacitive Co  Air            7%         ∞         100%        8


Dungeon Overview and Level Annotations

Branches:
Dungeon (8/15)             Temple (1/1) D:4            Lair (6/6) D:8
 Shoals (0/4) Lair:4       Spider (0/4) Lair:3        Slime (0/5) Lair:6
Volcano (visited)

Altars:
Ashenzari
Dithmenos
Elyvilon
Gozag
Hepliaklqana
Kikubaaqudgha
Makhleb
Nemelex Xobeh
Okawaru
Qazlal
Ru
Sif Muna
Trog
Uskayaw
Vehumet
Wu Jian
Xom
Yredelemnul
Zin
The Shining One

Shops:
D:3 *   D:6 !

Annotations:
Lair:5 1 runed translucent door


Innate Abilities, Weirdness & Mutations

You have a beak for a mouth.
You have claws for feet.
Your magical nature lets you fly swiftly and evasively.


Message History

The forest fire spreads!
The swamp dragon breathes poison at you.
The blast of poison engulfs you but does no damage.
You resist. The basilisk gazes at you.
The swamp dragon bites you but does no damage.
The swamp dragon claws you! The swamp dragon tramples you.
You are shoved backwards!
The forest fire spreads!
The swamp dragon bites you! The swamp dragon claws you.
The swamp dragon barely misses you.
The forest fire spreads!
The basilisk looks more healthy.
The swamp dragon bites you!
The swamp dragon claws you but does no damage.
The swamp dragon tramples you.
You are shoved backwards!
The basilisk gazes at you.
You struggle to resist.
The swamp dragon bites you but does no damage.
The swamp dragon claws you.
The swamp dragon tramples you but does no damage.
The swamp dragon bites you!
* * * LOW HITPOINT WARNING * * *
The swamp dragon claws you.
* * * LOW HITPOINT WARNING * * *
The swamp dragon tramples you but does no damage.
The basilisk completely misses you. The swamp dragon bites you.
* * * LOW HITPOINT WARNING * * *
The swamp dragon claws you!
* * * LOW HITPOINT WARNING * * *
The swamp dragon tramples you.
* * * LOW HITPOINT WARNING * * *
You hold your ground!
The basilisk bites you!
* * * LOW HITPOINT WARNING * * *
The swamp dragon bites you.
* * * LOW HITPOINT WARNING * * *
The swamp dragon claws you.
The swamp dragon tramples you but does no damage.
The basilisk bites you!
* * * LOW HITPOINT WARNING * * *
The swamp dragon bites you!
You die...

#....#...#........#.....
#...##..##.#......#...##
#........#.......##...#.
#.........#.....###.....
#....##..###....##......
###....##.##.....##......
#####...###.#.......#.#.P..
#######...#....#..(...##** ...
######......D@......... * ..#
♣♣#..#.......l....... .......
♣♣....§§............. .......
♣♣..♣.§§............. , ......
♣♣..♣.§♣..........[.... ,#....
♣♣.)♣♣...♣.............#.#.P..
♣♣...♣.♣♣♣♣♣♣♣♣.........##.#..
♣♣♣..♣♣* ** *♣..............
♣..♣ * ,, * ♣.....{##.....


You could see a swamp dragon and a basilisk.

Vanquished Creatures
  Harold (Lair:1)
  A hydra (Lair:1)
  A two-headed ogre (D:6)
  2 thrashing horrors (Lair:6)
  Sonja (Lair:1)
  A large abomination (Lair:6)
  2 lindwurms (Volcano)
  An oklob plant (Lair:6)
  4 elephants (Lair:6)
  5 black mambas
  2 smoke demons (Lair:6)
  A torpor snail (Lair:5)
  10 cane toads
  3 molten gargoyles (Volcano)
  Maggie (D:6)
  2 efreet (Volcano)
  A rime drake (Lair:4)
  13 komodo dragons
  An ancient zyme (Lair:6)
  A polar bear (Lair:6)
  18 blink frogs
  2 ynoxinuls (Lair:6)
  A spriggan (Lair:6)
  Sigmund (D:6)
  40 yaks
  2 fire elementals (Volcano)
  4 wyverns
  A hog (shapeshifter) (Lair:6)
  5 basilisks
  10 small abominations (Lair:6)
  2 redbacks (Lair:3)
  Menkaure (D:6)
  15 water moccasins
  2 sky beasts (D:5)
  An orc warrior (D:8)
  2 black bears
  A necrophage (D:5)
  4 centaurs
  A phantom (D:4)
  A kobold brigand (D:4)
  15 bullfrogs
  A wyvern zombie (D:7)
  A gnoll sergeant (D:6)
  2 scorpions
  3 earth elementals (Volcano)
  6 killer bees (D:7)
  A water moccasin skeleton (D:5)
  A howler monkey (D:6)
  A bullfrog skeleton (D:7)
  A bullfrog zombie (D:7)
  2 centaur zombies
  3 hounds
  4 jellies
  A centaur skeleton (D:7)
  4 orc priests (D:5)
  Jessica (D:2)
  An iguana (D:5)
  2 orc wizards (D:5)
  A hound zombie (D:5)
  A howler monkey zombie (D:5)
  A howler monkey skeleton (D:7)
  8 gnolls
  11 adders
  2 worms
  4 dart slugs
  17 orcs
  14 ball pythons
  6 bats
  8 endoplasms
  4 giant cockroaches (D:1)
  6 goblins
  5 hobgoblins
  12 kobolds
  8 quokkas
  3 frilled lizards
  3 rats
  3 fire vortices (Volcano)
335 creatures vanquished.

Vanquished Creatures (others)
  19 fulminant prisms
  69 fungi
  63 plants
151 creatures vanquished.

Grand Total: 486 creatures vanquished

Notes
Turn   | Place    | Note
-------+----------+-------------------------------------------
     0 | D:1      | Illumine the Tengu Conjurer began the quest for the Orb.
     0 | D:1      | Reached XP level 1. HP: 10/10 MP: 4/4
    52 | D:1      | Reached XP level 2. HP: 15/15 MP: 1/6
   348 | D:1      | Learned a level 2 spell: Searing Ray
   488 | D:1      | Reached skill level 6 in Conjurations
   488 | D:1      | Reached XP level 3. HP: 19/19 MP: 5/8
   739 | D:1      | Found a faded altar of an unknown god.
  1071 | D:2      | Reached XP level 4. HP: 24/24 MP: 4/9
  1166 | D:2      | Learned a level 4 spell: Fulminant Prism
  1171 | D:2      | Noticed Jessica
  1176 | D:2      | Killed Jessica
  1177 | D:2      | Reached skill level 1 in Hexes
  1346 | D:2      | Identified the +6 trident of the Valley of Death {holy, rF+
                  | rC+ Will-}
  1755 | D:2      | Gained mutation: Your magical nature lets you fly swiftly
                  | and evasively. [Tengu growth]
  1755 | D:2      | Reached XP level 5. HP: 28/28 MP: 5/10
  2593 | D:3      | Found Payw's Assorted Antiques.
  2814 | D:3      | Reached XP level 6. HP: 32/32 MP: 5/12
  3021 | D:3      | You are sucked into a shaft and drop 1 floor!
  3268 | D:4      | Found a staircase to the Ecumenical Temple.
  3330 | Temple   | Entered the Ecumenical Temple
  3517 | Temple   | Became a worshipper of Ashenzari the Shackled
  3547 | D:4      | Noticed a water moccasin
  3554 | D:4      | Killed a water moccasin
  3555 | D:4      | Reached skill level 7 in Conjurations
  3565 | D:4      | Reached XP level 7. HP: 33/36 MP: 0/14
  4576 | D:4      | Learned a level 4 spell: Iskenderun's Mystic Blast
  4746 | D:4      | Identified 2 scrolls of acquirement
  4786 | D:4      | Acquired a staff of conjuration
  4788 | D:4      | Acquired the Papyrus of Excruciating Transmutation
  4879 | D:5      | Entered Level 5 of the Dungeon
  5753 | D:5      | Reached * piety under Ashenzari
  5789 | D:5      | Reached skill level 1 in Translocations
  6011 | D:5      | Reached skill level 1 in Fighting
  6011 | D:5      | Reached XP level 8. HP: 42/43 MP: 8/16
  6255 | D:5      | Reached skill level 5 in Spellcasting
  6255 | D:5      | Reached skill level 8 in Conjurations
  6739 | D:5      | Reached ** piety under Ashenzari
  6898 | D:6      | Noticed Sigmund
  6905 | D:6      | Noticed Menkaure
  7155 | D:6      | Killed Sigmund
  7157 | D:6      | Killed Menkaure
  7173 | D:6      | Identified the cursed +0 robe "Lashed Incredulity" {Elem,
                  | Melee}
  7588 | D:6      | Reached XP level 9. HP: 50/50 MP: 7/18
  7660 | D:6      | Learned a level 3 spell: Stone Arrow
  7707 | D:6      | Noticed Maggie
  7714 | D:6      | Killed Maggie
  7715 | D:6      | Reached skill level 9 in Conjurations
  8110 | D:6      | Reached skill level 1 in Earth Magic
  8146 | D:6      | Found a sacrificial altar of Ru.
  8147 | D:6      | Noticed a two-headed ogre
  8185 | D:6      | Found Minaxaddus's Distillery.
  8198 | D:6      | Killed a two-headed ogre
  8199 | D:6      | Reached skill level 1 in Armour
  8415 | D:6      | Reached *** piety under Ashenzari
  8587 | D:7      | Identified the +1 ring mail "Caolob" {Drain rC- Str+4 SInv}
  9232 | D:8      | Noticed a two-headed ogre
  9298 | D:8      | Learned a level 4 spell: Olgreb's Toxic Radiance
  9370 | D:8      | Reached XP level 10. HP: 58/60 MP: 16/23
  9430 | D:8      | Found a staircase to the Lair.
  9439 | D:8      | Reached skill level 1 in Poison Magic
  9603 | Lair:1   | Entered Level 1 of the Lair of Beasts
  9788 | Lair:1   | Reached skill level 10 in Conjurations
 10102 | Lair:1   | Reached skill level 5 in Fighting
 10102 | Lair:1   | Reached skill level 5 in Dodging
 10205 | Lair:1   | Noticed a cane toad
 10218 | Lair:1   | Killed a cane toad
 10432 | Lair:1   | Noticed Harold
 10468 | Lair:1   | Killed Harold
 10687 | Lair:1   | Noticed a five-headed hydra
 10843 | Lair:1   | Noticed Sonja
 10866 | Lair:1   | Killed a five-headed hydra
 10970 | Lair:1   | Reached XP level 11. HP: 67/67 MP: 17/25
 11037 | Lair:1   | Reached skill level 11 in Conjurations
 11125 | Lair:1   | Killed Sonja
 11359 | Lair:1   | Reached skill level 1 in Ice Magic
 11518 | Lair:2   | Reached **** piety under Ashenzari
 11763 | Lair:2   | Reached skill level 1 in Fire Magic
 12283 | Lair:2   | Reached skill level 1 in Polearms
 13206 | Lair:2   | HP: 2/69 [poisoned by a cane toad]
 13970 | Lair:3   | Reached XP level 12. HP: 76/76 MP: 4/27
 13975 | Lair:2   | Reached skill level 12 in Conjurations
 14118 | Lair:2   | Reached skill level 5 in Fire Magic
 14916 | Lair:3   | Found a hole to the Spider Nest.
 15606 | Lair:4   | Found a staircase to the Shoals.
 15804 | Lair:4   | Identified the +2 hat of Qacuefeh {-Tele rElec rF+ Stlth+}
 15845 | Lair:4   | Reached ***** piety under Ashenzari
 16707 | Lair:5   | Found a dark tunnel.
 16747 | Volcano  | Entered a volcano
 17586 | Lair:5   | Identified the ring "Royrr" {Wiz rElec rC- rCorr Slay+6}
 18261 | Lair:5   | Noticed an eight-headed hydra
 18276 | Lair:5   | Identified the +4 scale mail of Winter {Str+4}
 18277 | Lair:5   | Found a runed translucent door.
 18558 | Lair:6   | Entered Level 6 of the Lair of Beasts
 18689 | Lair:6   | Reached skill level 5 in Polearms
 18689 | Lair:6   | Reached XP level 13. HP: 78/78 MP: 16/26
 19833 | Lair:6   | Reached skill level 10 in Fire Magic
 20189 | Lair:6   | Found a staircase to the Slime Pits.
 20493 | Lair:6   | Reached skill level 10 in Spellcasting
 20698 | Lair:6   | Learned a level 8 spell: Ignition
 21090 | Lair:6   | Slain by a swamp dragon (shapeshifter)

Illustrated notes

Levels and vault maps discovered:
D:1:      minmay_arrival_semitransparent, layout_loops_ring,
          shapermc_ecumenical_altar_mp_highgroup, kennysheep_decorative_pillar
D:2:      layout_basic, minmay_misc_feat_alley, minmay_ruptured, uniq_jessica
D:3:      layout_loops_corners, serial_shops, shop, nrook_mini_vaults
D:4:      cheibrodos_thug_alley, layout_layer_cave, temple_statues
D:5:      layout_basic, serial_park_tiny_2, st_stairs_11
D:6:      layout_loops_ring, mainiacjoe_overflow_tiny_flanked, serial_shops,
          shop, uniq_maggie, uniq_sigmund, uniq_menkaure
D:7:      layout_loops_ring
D:8:      kennysheep_six_static_rooms, layout_basic,
          grunt_lair_entry_orc_guard_hut, uniq_maurice
Temple:   minmay_crystal_snake_temple
Lair:1:   layout_gridlike, uniq_sonja, uniq_harold
Lair:2:   layout_layer_cave, beast_lair_carwin_8
Lair:3:   layout_hall_layers, spider_nest_entry_webs
Lair:4:   layout_cellular_growth, minmay_shoals_entry_centaurs,
          chequers_serial_rivers_small_a, serial_bayou_shore_a
Lair:5:   layout_gridlike, enter_volcano_4, pf_torpor_hydra
Lair:6:   hellmonk_lair_end_abyssal_woods, layout_regular_city,
          nicolae_slime_entry_slimehenge, tgw_fedhas,
          infiniplex_staircase_pool_2

Skill      XL: |  1  2  3  4  5  6  7  8  9 10 11 12 13 |
---------------+----------------------------------------+-----
Conjurations   | 6 7 8 9 10 11 12 | 12.9
Spellcasting   | 3 4 5 6 7 8 10 | 10.2
Hexes          | 1 2 3 4 |  4.4
Translocations | 1 2 3 |  3.6
Fighting       | 1 3 4 5 7 8 |  8.1
Earth Magic    | 2 |  2.0
Armour         | 2 3 |  3.5
Dodging        | 4 5 7 8 |  8.5
Poison Magic   | 3 4 |  4.2
Ice Magic      | 1 |  1.2
Fire Magic     | 4 7 11 | 11.5
Polearms       | 2 5 |  5.0
Stealth        | |  2.0

Action                   |  1- 3 |  4- 6 |  7- 9 | 10-12 | 13-15 || total
-------------------------+-------+-------+-------+-------+-------++-------
Melee: Trident           |       |     3 |    29 |    68 |    61 ||   161
       Peck              |       |       |     8 |    18 |     7 ||    33
       Kick              |       |       |    11 |    38 |    22 ||    71
       Punch             |       |       |     1 |       |     1 ||     2
 Cast: Magic Dart        |    52 |    71 |    66 |    12 |     3 ||   204
       Searing Ray       |     1 |    18 |    36 |    11 |       ||    66
       Fulminant Prism   |       |     1 |     2 |    11 |     5 ||    19
       Stone Arrow       |       |       |     6 |   147 |    79 ||   232
       Iskenderun's Myst |       |       |     2 |    36 |     3 ||    41
       Olgreb's Toxic Ra |       |       |       |    38 |    29 ||    67
       Ignition          |       |       |       |       |     1 ||     1
Invok: Curse Item        |       |       |     5 |     3 |     1 ||     9
       Shatter the Chain |       |       |       |     1 |       ||     1
Evoke: Wand              |       |       |     2 |     8 |       ||    10
  Use: Scroll            |       |       |     6 |       |       ||     6
       Potion            |       |       |       |     2 |       ||     2
 Stab: Sleeping          |       |       |     3 |       |       ||     3
       Paralysed         |       |       |       |     6 |       ||     6
Armor: Robe              |     1 |       |     1 |     7 |    15 ||    24
       Skin              |       |       |     3 |       |       ||     3
Dodge: Dodged            |     5 |     9 |    46 |   100 |    68 ||   228
Block: Other             |       |     3 |    13 |    29 |     7 ||    52
       Reflection        |       |       |     2 |     2 |       ||     4

Table legend: (Time is in decaauts)
 A = Elapsed time spent in this place.
 B = Non-inter-level travel time spent in this place.
 C = Inter-level travel time spent in this place.
 D = Time resting spent in this place.
 E = Time spent auto-exploring this place.
 F = Levels seen in this place.
 G = Mean time per level.
                   A        B        C        D        E       F      G
               +--------+--------+--------+--------+--------+-----+--------+
         Total |  20267 |  19988 |    279 |   5821 |  11307 |  16 | 1266.7 |
       Dungeon |   9008 |   8855 |    153 |   1511 |   6300 |   8 | 1126.0 |
        Temple |    189 |    175 |     14 |      0 |    157 |   1 |  189.0 |
          Lair |  10313 |  10202 |    111 |   3761 |   4849 |   6 | 1718.8 |
       Volcano |    755 |    755 |      0 |    548 |      0 |   1 |  755.0 |
               +--------+--------+--------+--------+--------+-----+--------+

Top non-repeatable levels by time:
  Lair:2: 2391 daAuts
  Lair:6: 2328 daAuts
     D:5: 2267 daAuts
  Lair:1: 2218 daAuts
     D:4: 1545 daAuts
     D:2: 1274 daAuts
     D:6: 1215 daAuts
  Lair:3: 1189 daAuts
  Lair:5: 1160 daAuts
  Lair:4: 1025 daAuts
     D:1: 904 daAuts
     D:3: 775 daAuts
 Volcano: 755 daAuts
     D:7: 706 daAuts
     D:8: 320 daAuts
